RedWings vs Avalanche

Created - December-19-12 at 18:52

Goals
1 2 3 T
RedWings 0 1 1 2
Avalanche 0 0 1 1
Shots
1 2 3 T
RedWings 4 3 7 14
Avalanche 6 7 2 15

1st period

No Goal

Penalties :
Nicklas Lidstrom (COL) for Interference (Minor) at 2:59, Nate Thompson (DET) for Tripping (Minor) at 6:32, Nate Thompson (DET) for Roughing (Minor) at 9:18, Pavel Kubina (DET) for Slashing (Minor) at 18:15

2nd period

1. RedWings , Jamie Langenbrunner 3 (Travis Zajac, Mark Fraser) at 2:06

Penalties :
Michal Rozsival (COL) for Slashing (Minor) at 2:35, Eric Brewer (DET) for Hooking (Minor) at 8:36, Derek Stepan (COL) for Slashing (Minor) at 19:51

3rd period

2. Avalanche , Jeff Skinner 6 (Brayden McNabb, Teemu Selanne) at 17:40
3. RedWings , Keith Yandle 6 (Joe Thornton, Ray Whitney) at 19:27 (PP)

Penalties :
Kyle Turris (COL) for Roughing (Minor) at 2:37, John Carlson (COL) for Tripping (Minor) at 6:41, Marian Hossa (COL) for Fighting (Major) at 9:10, Mark Fraser (DET) for Fighting (Major) at 9:10, Brayden McNabb (COL) for Interference (Minor) at 18:43

Goalie Stats

Roberto Luongo (DET), 14 saves from 15 shots - (0.933), W, 18-13-4, 60:00 minutes
Evgeni Nabokov (COL), 12 saves from 14 shots - (0.857), L, 2-7-1, 59:44 minutes

Players Stats for RedWings

Player Name              G  A  P  +/- PIM S  H  SB GA TA FO     MP     PP MP  PK MP  
------------------------------------------------------------------------------------
Alexandre Burrows        0  0  0   0  0   0  3  0  0  0  1/2    20:51   5:41   2:41 
Brian Campbell           0  0  0   0  0   2  1  1  0  0  0/0    23:30   5:42   4:52 
Chris Summers            0  0  0   1  0   0  0  0  0  0  0/0     6:43   0:00   0:11 
Curtis Glencross         0  0  0   0  0   1  1  0  0  0  1/2    21:05   4:58   2:41 
Daymond Langkow          0  0  0   0  0   1  2  0  0  0  8/16   18:24   4:58   0:00 
Eric Brewer              0  0  0   0  2   0  7  1  0  0  0/0    22:10   5:42   3:33 
Jamie Langenbrunner      1  0  1   0  0   1  3  0  0  0  0/1    15:30   0:00   0:00 
Jared Spurgeon           0  0  0  -1  0   0  0  0  0  0  0/0    11:19   0:00   0:41 
Joe Thornton             0  1  1   0  0   2  1  0  0  0  21/34  23:25   5:41   5:15 
Keith Yandle             1  0  1   0  0   3  2  0  0  0  0/0    19:09   4:57   2:53 
Mark Fraser              0  1  1   1  5   0  1  0  0  0  0/0     5:28   0:00   0:49 
Nate Thompson            0  0  0   0  4   0  3  0  0  0  1/1    15:39   0:00   0:11 
Paul Martin              0  0  0   0  0   1  3  3  0  0  0/0    19:09   4:57   2:53 
Pavel Kubina             0  0  0  -1  2   0  6  0  0  0  0/0    12:29   0:00   0:00 
Ray Whitney              0  1  1   0  0   1  1  0  0  0  0/1    23:14   5:41   5:04 
Ryan Whitney             0  0  0   0  0   0  0  0  0  0  0/0     0:00   0:00   0:00 
Sergei Kostitsyn         0  0  0   0  0   0  1  0  0  0  0/0    18:24   4:58   0:00 
Travis Zajac             0  1  1   0  0   2  0  0  0  0  7/15   15:30   0:00   0:00 

Players Stats for Avalanche

Player Name              G  A  P  +/- PIM S  H  SB GA TA FO     MP     PP MP  PK MP  
------------------------------------------------------------------------------------
Brayden McNabb           0  1  1   0  2   0  0  0  0  0  0/0    16:07   0:22   1:59 
Brayden Schenn           0  0  0  -1  0   0  0  0  0  0  0/0    11:11   0:22   0:31 
Chris Stewart            0  0  0   0  0   0  0  0  0  0  0/0     4:17   0:00   0:00 
Craig Adams              0  0  0   0  0   0  0  1  0  0  4/5    11:01   0:00   6:44 
Derek Stepan             0  0  0   0  2   2  3  0  0  0  11/22  19:47   3:49   0:31 
Jeff Skinner             1  0  1   1  0   1  1  0  0  0  0/1    17:13   3:45   0:36 
John Carlson             0  0  0   0  2   0  2  1  0  0  0/0    14:14   0:22   0:06 
Justin Abdelkader        0  0  0   0  0   1  0  0  0  0  0/0     4:39   0:22   0:00 
Kevin Shattenkirk        0  0  0   0  0   1  0  1  0  0  0/0    21:49   4:02   4:20 
Kyle Turris              0  0  0   1  2   1  0  0  0  0  5/18   17:54   3:45   2:48 
Marcus Johansson         0  0  0  -1  0   0  1  0  0  0  11/20  17:30   0:22   6:50 
Marian Hossa             0  0  0   0  5   1  0  0  0  0  0/3    20:40   3:49   3:18 
Michael Del Zotto        0  0  0   0  0   0  4  1  0  0  0/0    24:10   3:32   6:27 
Michal Rozsival          0  0  0   0  2   2  2  0  0  0  0/0    19:21   3:32   3:09 
Nicklas Lidstrom         0  0  0   0  2   1  1  0  0  0  0/0    23:43   4:02   5:17 
Petr Sykora              0  0  0   0  0   0  1  0  0  0  1/1    18:45   3:49   0:00 
Steve Downie             0  0  0  -1  0   2  3  0  0  0  0/0    10:18   0:00   0:00 
Teemu Selanne            0  1  1   1  0   3  0  0  0  0  1/2    16:35   3:45   0:00 

3 Stars

1 - Jamie Langenbrunner (DET)
2 - Jeff Skinner (COL)
3 - Keith Yandle (DET)

Power Play

RedWings - 1 on 6 Attempt(s) - 16.67%
Avalanche - 0 on 4 Attempt(s) - 0.00%

Penalty Kill

RedWings - 4 on 4 Attempt(s) - 100.00% - Score 0 goal in Penalty Kill
Avalanche - 5 on 6 Attempt(s) - 83.33% - Score 0 goal in Penalty Kill

Official

Referees : Tim Peel and Justin StPierre
Linesman : Pierre Champoux and Tim Nowak

Game Notes

Marian Hossa and Mark Fraser fight to a draw at 9:10 of 3rd period

Finance

Level 1 -- Attendance: 5692 (87.57%) -- Ticket Income $580,584
Level 2 -- Attendance: 4847 (96.94%) -- Ticket Income $363,525
Level 3 -- Attendance: 3214 (91.83%) -- Ticket Income $176,770
Level 4 -- Attendance: 2007 (100.00%) -- Ticket Income $90,315
Luxury Box -- Attendance: 885 (88.50%) -- Ticket Income $177,000
Game was played at the Pepsi Center
Total Attendance: 16645 (92.44%)
Total Ticket Income: $1,388,194
Other Income: $208,229
Total Income: $1,596,423


% Time on Ice - RedWings

Lines # - Real PCT - Wanted PCT - Time Play
Normal Forward
1 - 29% - 40% - 11:48
2 - 33% - 30% - 13:26
3 - 38% - 20% - 15:30
4 - 0% - 10% - 0:09
Normal Defense
1 - 30% - 40% - 12:24
2 - 28% - 30% - 11:19
3 - 26% - 20% - 10:38
4 - 16% - 10% - 6:32
PP Forward
1 - 53% - 60% - 5:41
2 - 47% - 40% - 4:58
PP Defense
1 - 54% - 60% - 5:42
2 - 46% - 40% - 4:57
PK Forward
1 - 66% - 60% - 5:15
2 - 34% - 40% - 2:41
PK Defense
1 - 64% - 60% - 5:03
2 - 36% - 40% - 2:53
PK3 Forward
1 - 0% - 60%
2 - 0% - 40%
PK3 Defense
1 - 0% - 60%
2 - 0% - 40%
44 Forward
1 - 0% - 60%
2 - 0% - 40%
44 Defense
1 - 0% - 60%
2 - 0% - 40%
Last Minute Offensive  - 0:00
Last Minute Defensive  - 0:32
Total
Forward - 60:00
Defense - 60:00

% Time on Ice - Avalanche

Lines # - Real PCT - Wanted PCT - Time Play
Normal Forward
1 - 37% - 40% - 14:56
2 - 28% - 30% - 11:22
3 - 25% - 20% - 10:18
4 - 10% - 10% - 4:17
Normal Defense
1 - 33% - 40% - 13:27
2 - 31% - 30% - 12:41
3 - 34% - 20% - 13:47
4 - 2% - 10% - 0:58
PP Forward
1 - 53% - 60% - 4:11
2 - 47% - 40% - 3:45
PP Defense
1 - 55% - 60% - 4:24
2 - 45% - 40% - 3:32
PK Forward
1 - 69% - 60% - 7:21
2 - 31% - 40% - 3:18
PK Defense
1 - 61% - 60% - 6:27
2 - 39% - 40% - 4:12
PK3 Forward
1 - 0% - 60%
2 - 0% - 40%
PK3 Defense
1 - 0% - 60%
2 - 0% - 40%
44 Forward
1 - 0% - 60%
2 - 0% - 40%
44 Defense
1 - 0% - 60%
2 - 0% - 40%
Last Minute Offensive  - 0:32
Last Minute Defensive  - 0:00
Total
Forward - 60:00
Defense - 60:00

Play by Play

1st period


0:01 of 1st period - Derek Stepan wins face-off versus Joe Thornton in neutral zone.
0:30 of 1st period - Icing by Kevin Shattenkirk.
0:31 of 1st period - Daymond Langkow wins face-off versus Derek Stepan in Avalanche zone.
0:48 of 1st period - Shot by Sergei Kostitsyn.
0:48 of 1st period - Shot Misses the Net.
0:50 of 1st period - Shot by Curtis Glencross.
0:50 of 1st period - Stopped by Evgeni Nabokov without a rebound.
0:51 of 1st period - Teemu Selanne wins face-off versus Jamie Langenbrunner in Avalanche zone.
1:09 of 1st period - Travis Zajac is hit by Michael Del Zotto and loses puck.
1:15 of 1st period - Icing by Teemu Selanne.
1:16 of 1st period - Joe Thornton wins face-off versus Teemu Selanne in Avalanche zone.
1:20 of 1st period - Joe Thornton is hit by Michal Rozsival and loses puck.
1:24 of 1st period - Icing by Michal Rozsival.
1:25 of 1st period - Daymond Langkow wins face-off versus Kyle Turris in Avalanche zone.
1:45 of 1st period - Off-side.
1:46 of 1st period - Marcus Johansson wins face-off versus Joe Thornton in neutral zone.
2:28 of 1st period - Shot by Alexandre Burrows.
2:28 of 1st period - Deflect By Ray Whitney.
2:28 of 1st period - Stopped by Evgeni Nabokov without a rebound.
2:29 of 1st period - Craig Adams wins face-off versus Travis Zajac in Avalanche zone.
2:29 of 1st period - Craig Adams is hit by Jamie Langenbrunner.
2:42 of 1st period - Off-side.
2:43 of 1st period - Curtis Glencross wins face-off versus Derek Stepan in neutral zone.
2:46 of 1st period - Shot by Daymond Langkow.
2:46 of 1st period - Stopped by Evgeni Nabokov with a rebound.
2:59 of 1st period - Minor Penalty to Nicklas Lidstrom for Interference.
3:00 of 1st period - Marcus Johansson wins face-off versus Joe Thornton in Avalanche zone.
3:19 of 1st period - Shot by Eric Brewer.
3:19 of 1st period - Shot Blocked by Craig Adams.
3:29 of 1st period - Shot by Ray Whitney.
3:29 of 1st period - Deflect By Joe Thornton.
3:29 of 1st period - Shot Misses the Net.
3:31 of 1st period - Shot by Brian Campbell.
3:31 of 1st period - Stopped by Evgeni Nabokov without a rebound.
3:32 of 1st period - Kyle Turris wins face-off versus Curtis Glencross in Avalanche zone.
3:40 of 1st period - Icing by Curtis Glencross.
3:41 of 1st period - Craig Adams wins face-off versus Daymond Langkow in RedWings zone.
3:42 of 1st period - Shot by Michal Rozsival.
3:42 of 1st period - Shot Blocked by Paul Martin.
4:00 of 1st period - Shot by Kyle Turris.
4:00 of 1st period - Shot Misses the Net.
4:29 of 1st period - Michal Rozsival is hit by Curtis Glencross.
4:44 of 1st period - Icing by Paul Martin.
4:45 of 1st period - Daymond Langkow wins face-off versus Marcus Johansson in RedWings zone.
5:19 of 1st period - Teemu Selanne is hit by Pavel Kubina and loses puck.
5:31 of 1st period - Nicklas Lidstrom is hit by Pavel Kubina and loses puck.
6:32 of 1st period - Minor Penalty to Nate Thompson for Tripping.
6:33 of 1st period - Joe Thornton wins face-off versus Kyle Turris in RedWings zone.
6:33 of 1st period - Joe Thornton is hit by Jeff Skinner.
6:51 of 1st period - Teemu Selanne is hit by Brian Campbell and loses puck.
7:23 of 1st period - Shot by Michael Del Zotto.
7:23 of 1st period - Shot Blocked by Paul Martin.
7:25 of 1st period - Shot by Marian Hossa.
7:25 of 1st period - Shot Misses the Net.
7:30 of 1st period - Shot by Michal Rozsival.
7:30 of 1st period - Shot Blocked by Paul Martin.
7:32 of 1st period - Shot by Michael Del Zotto.
7:32 of 1st period - Shot Misses the Net.
7:34 of 1st period - Shot by Michal Rozsival.
7:34 of 1st period - Stopped by Roberto Luongo without a rebound.
7:35 of 1st period - Derek Stepan wins face-off versus Alexandre Burrows in RedWings zone.
7:54 of 1st period - Shot by Nicklas Lidstrom.
7:54 of 1st period - Shot Misses the Net.
8:02 of 1st period - Shot by Kevin Shattenkirk.
8:02 of 1st period - Shot Misses the Net.
8:34 of 1st period - Shot by Teemu Selanne.
8:34 of 1st period - Stopped by Roberto Luongo without a rebound.
8:35 of 1st period - Daymond Langkow wins face-off versus Marcus Johansson in RedWings zone.
8:35 of 1st period - Daymond Langkow is hit by Steve Downie.
9:18 of 1st period - Minor Penalty to Nate Thompson for Roughing.
9:19 of 1st period - Joe Thornton wins face-off versus Kyle Turris in RedWings zone.
9:29 of 1st period - Icing by Michal Rozsival.
9:30 of 1st period - Joe Thornton wins face-off versus Kyle Turris in Avalanche zone.
9:33 of 1st period - Shot by Ray Whitney.
9:33 of 1st period - Shot Misses the Net.
9:40 of 1st period - Michael Del Zotto is hit by Eric Brewer and loses puck.
10:25 of 1st period - Shot by Kevin Shattenkirk.
10:25 of 1st period - Stopped by Roberto Luongo without a rebound.
10:26 of 1st period - Alexandre Burrows wins face-off versus Marian Hossa in RedWings zone.
10:59 of 1st period - Shot by Nicklas Lidstrom.
10:59 of 1st period - Stopped by Roberto Luongo with a rebound.
11:14 of 1st period - Eric Brewer is hit by Petr Sykora and loses puck.
11:25 of 1st period - Brayden Schenn is hit by Nate Thompson and loses puck.
11:36 of 1st period - Pavel Kubina is hit by Steve Downie and loses puck.
12:36 of 1st period - Teemu Selanne is hit by Mark Fraser.
12:44 of 1st period - Shot by Kyle Turris.
12:44 of 1st period - Stopped by Roberto Luongo without a rebound.
12:45 of 1st period - Joe Thornton wins face-off versus Derek Stepan in RedWings zone.
13:04 of 1st period - Derek Stepan is hit by Eric Brewer.
13:51 of 1st period - Icing by Brayden McNabb.
13:52 of 1st period - Craig Adams wins face-off versus Travis Zajac in Avalanche zone.
15:21 of 1st period - Kyle Turris is hit by Pavel Kubina and loses puck.
17:13 of 1st period - Icing by Nicklas Lidstrom.
17:14 of 1st period - Derek Stepan wins face-off versus Daymond Langkow in Avalanche zone.
17:45 of 1st period - Shot by Brayden Schenn.
17:45 of 1st period - Shot Misses the Net.
17:47 of 1st period - Shot by Steve Downie.
17:47 of 1st period - Stopped by Roberto Luongo without a rebound.
17:48 of 1st period - Travis Zajac wins face-off versus Kyle Turris in RedWings zone.
18:01 of 1st period - Teemu Selanne is hit by Pavel Kubina.
18:08 of 1st period - Michael Del Zotto is hit by Pavel Kubina.
18:11 of 1st period - Teemu Selanne is hit by Pavel Kubina and loses puck.
18:15 of 1st period - Minor Penalty to Pavel Kubina for Slashing.
18:16 of 1st period - Joe Thornton wins face-off versus Kyle Turris in RedWings zone.
18:44 of 1st period - Shot by Ray Whitney.
18:44 of 1st period - Shot Misses the Net.

2nd period


0:01 of 2nd period - Joe Thornton wins face-off versus Derek Stepan in neutral zone.
0:07 of 2nd period - Icing by Nicklas Lidstrom.
0:08 of 2nd period - Joe Thornton wins face-off versus Derek Stepan in Avalanche zone.
0:53 of 2nd period - Shot by Teemu Selanne.
0:53 of 2nd period - Stopped by Roberto Luongo with a rebound.
1:39 of 2nd period - Shot by Marian Hossa.
1:39 of 2nd period - Shot Misses the Net.
1:48 of 2nd period - Off-side.
1:49 of 2nd period - Marcus Johansson wins face-off versus Travis Zajac in neutral zone.
2:04 of 2nd period - Shot by Travis Zajac.
2:04 of 2nd period - Stopped by Evgeni Nabokov with a rebound.
2:06 of 2nd period - Shot by Jamie Langenbrunner.
2:06 of 2nd period - Goal by Jamie Langenbrunner - RedWings : 1 - Avalanche : 0.
2:07 of 2nd period - Joe Thornton wins face-off versus Craig Adams in neutral zone.
2:20 of 2nd period - Shot by Joe Thornton.
2:20 of 2nd period - Shot Misses the Net.
2:35 of 2nd period - Minor Penalty to Michal Rozsival for Slashing.
2:36 of 2nd period - Daymond Langkow wins face-off versus Marcus Johansson in Avalanche zone.
2:47 of 2nd period - Shot by Sergei Kostitsyn.
2:47 of 2nd period - Shot Misses the Net.
3:13 of 2nd period - Shot by Eric Brewer.
3:13 of 2nd period - Shot Blocked by Michael Del Zotto.
4:50 of 2nd period - Shot by Steve Downie.
4:50 of 2nd period - Stopped by Roberto Luongo without a rebound.
4:51 of 2nd period - Derek Stepan wins face-off versus Travis Zajac in RedWings zone.
5:13 of 2nd period - Nate Thompson is hit by Nicklas Lidstrom and loses puck.
5:34 of 2nd period - Kyle Turris is hit by Jamie Langenbrunner and loses puck.
5:38 of 2nd period - Icing by John Carlson.
5:39 of 2nd period - Kyle Turris wins face-off versus Joe Thornton in Avalanche zone.
5:49 of 2nd period - Kyle Turris is hit by Eric Brewer.
8:06 of 2nd period - Icing by Derek Stepan.
8:07 of 2nd period - Derek Stepan wins face-off versus Joe Thornton in Avalanche zone.
8:16 of 2nd period - Shot by Marian Hossa.
8:16 of 2nd period - Stopped by Roberto Luongo without a rebound.
8:17 of 2nd period - Joe Thornton wins face-off versus Kyle Turris in RedWings zone.
8:19 of 2nd period - Icing by Brian Campbell.
8:20 of 2nd period - Joe Thornton wins face-off versus Marian Hossa in RedWings zone.
8:36 of 2nd period - Minor Penalty to Eric Brewer for Hooking.
8:37 of 2nd period - Joe Thornton wins face-off versus Kyle Turris in RedWings zone.
9:55 of 2nd period - Shot by Michal Rozsival.
9:55 of 2nd period - Stopped by Roberto Luongo without a rebound.
9:56 of 2nd period - Derek Stepan wins face-off versus Ray Whitney in RedWings zone.
10:40 of 2nd period - Icing by Jared Spurgeon.
10:41 of 2nd period - Travis Zajac wins face-off versus Marcus Johansson in RedWings zone.
10:41 of 2nd period - Travis Zajac is hit by Steve Downie.
10:59 of 2nd period - Shot by Nate Thompson.
10:59 of 2nd period - Shot Misses the Net.
11:01 of 2nd period - Shot by Travis Zajac.
11:01 of 2nd period - Shot Misses the Net.
11:45 of 2nd period - Icing by Jared Spurgeon.
11:46 of 2nd period - Derek Stepan wins face-off versus Travis Zajac in RedWings zone.
11:59 of 2nd period - Shot by Derek Stepan.
11:59 of 2nd period - Stopped by Roberto Luongo without a rebound.
12:00 of 2nd period - Kyle Turris wins face-off versus Joe Thornton in RedWings zone.
12:01 of 2nd period - Shot by John Carlson.
12:01 of 2nd period - Shot Blocked by Brian Campbell.
12:03 of 2nd period - Shot by Teemu Selanne.
12:03 of 2nd period - Stopped by Roberto Luongo without a rebound.
12:04 of 2nd period - Joe Thornton wins face-off versus Marian Hossa in RedWings zone.
12:04 of 2nd period - Joe Thornton is hit by Derek Stepan.
13:16 of 2nd period - Shot by Curtis Glencross.
13:16 of 2nd period - Shot Blocked by Kevin Shattenkirk.
14:20 of 2nd period - Icing by Brayden McNabb.
14:21 of 2nd period - Marcus Johansson wins face-off versus Joe Thornton in Avalanche zone.
14:25 of 2nd period - John Carlson is hit by Eric Brewer.
14:38 of 2nd period - Marcus Johansson is hit by Eric Brewer.
14:55 of 2nd period - Icing by John Carlson.
14:56 of 2nd period - Marcus Johansson wins face-off versus Travis Zajac in Avalanche zone.
15:25 of 2nd period - Icing by Chris Summers.
15:26 of 2nd period - Travis Zajac wins face-off versus Derek Stepan in RedWings zone.
15:43 of 2nd period - Kevin Shattenkirk is hit by Nate Thompson and loses puck.
16:16 of 2nd period - Kevin Shattenkirk is hit by Alexandre Burrows and loses puck.
16:28 of 2nd period - Off-side.
16:29 of 2nd period - Daymond Langkow wins face-off versus Kyle Turris in neutral zone.
16:52 of 2nd period - Jeff Skinner is hit by Paul Martin and loses puck.
17:28 of 2nd period - John Carlson is hit by Sergei Kostitsyn and loses puck.
17:32 of 2nd period - John Carlson is hit by Keith Yandle and loses puck.
17:45 of 2nd period - Shot by Justin Abdelkader.
17:45 of 2nd period - Stopped by Roberto Luongo without a rebound.
17:46 of 2nd period - Joe Thornton wins face-off versus Derek Stepan in RedWings zone.
18:14 of 2nd period - Shot by Ray Whitney.
18:14 of 2nd period - Shot Misses the Net.
18:21 of 2nd period - Nicklas Lidstrom is hit by Eric Brewer and loses puck.
19:00 of 2nd period - Shot by Jamie Langenbrunner.
19:00 of 2nd period - Shot Misses the Net.
19:03 of 2nd period - Icing by Brayden Schenn.
19:04 of 2nd period - Nate Thompson wins face-off versus Marcus Johansson in Avalanche zone.
19:05 of 2nd period - Shot by Travis Zajac.
19:05 of 2nd period - Shot Misses the Net.
19:07 of 2nd period - Shot by Travis Zajac.
19:07 of 2nd period - Stopped by Evgeni Nabokov without a rebound.
19:08 of 2nd period - Travis Zajac wins face-off versus Kyle Turris in Avalanche zone.
19:43 of 2nd period - Icing by Pavel Kubina.
19:44 of 2nd period - Travis Zajac wins face-off versus Derek Stepan in RedWings zone.
19:44 of 2nd period - Travis Zajac is hit by Derek Stepan.
19:51 of 2nd period - Minor Penalty to Derek Stepan for Slashing.
19:52 of 2nd period - Marcus Johansson wins face-off versus Joe Thornton in Avalanche zone.

3rd period


0:01 of 3rd period - Joe Thornton wins face-off versus Marcus Johansson in neutral zone.
0:46 of 3rd period - Shot by Marian Hossa.
0:46 of 3rd period - Shot Blocked by Eric Brewer.
0:54 of 3rd period - Kyle Turris is hit by Ray Whitney and loses puck.
1:39 of 3rd period - Shot by Keith Yandle.
1:39 of 3rd period - Stopped by Evgeni Nabokov without a rebound.
1:40 of 3rd period - Joe Thornton wins face-off versus Kyle Turris in Avalanche zone.
1:40 of 3rd period - Joe Thornton is hit by Michal Rozsival.
1:52 of 3rd period - Shot by Jamie Langenbrunner.
1:52 of 3rd period - Shot Misses the Net.
2:37 of 3rd period - Minor Penalty to Kyle Turris for Roughing.
2:38 of 3rd period - Marcus Johansson wins face-off versus Daymond Langkow in Avalanche zone.
2:38 of 3rd period - Marcus Johansson is hit by Daymond Langkow.
2:52 of 3rd period - Shot by Paul Martin.
2:52 of 3rd period - Stopped by Evgeni Nabokov with a rebound.
3:33 of 3rd period - Icing by Eric Brewer.
3:34 of 3rd period - Joe Thornton wins face-off versus Jeff Skinner in RedWings zone.
4:31 of 3rd period - Icing by Curtis Glencross.
4:32 of 3rd period - Marcus Johansson wins face-off versus Daymond Langkow in RedWings zone.
5:01 of 3rd period - Icing by Nate Thompson.
5:02 of 3rd period - Derek Stepan wins face-off versus Travis Zajac in RedWings zone.
5:31 of 3rd period - Derek Stepan is hit by Jamie Langenbrunner and loses puck.
5:52 of 3rd period - Shot by Joe Thornton.
5:52 of 3rd period - Stopped by Evgeni Nabokov without a rebound.
5:53 of 3rd period - Kyle Turris wins face-off versus Daymond Langkow in Avalanche zone.
5:53 of 3rd period - Michael Del Zotto is hit by Daymond Langkow and loses puck.
6:17 of 3rd period - Icing by Daymond Langkow.
6:18 of 3rd period - Marcus Johansson wins face-off versus Daymond Langkow in RedWings zone.
6:41 of 3rd period - Minor Penalty to John Carlson for Tripping.
6:42 of 3rd period - Marcus Johansson wins face-off versus Joe Thornton in Avalanche zone.
7:49 of 3rd period - Shot by Keith Yandle.
7:49 of 3rd period - Shot Misses the Net.
7:55 of 3rd period - Shot by Curtis Glencross.
7:55 of 3rd period - Shot Misses the Net.
7:57 of 3rd period - Shot by Paul Martin.
7:57 of 3rd period - Shot Misses the Net.
9:10 of 3rd period - Marian Hossa and Mark Fraser fight to a draw.
9:10 of 3rd period - Penalty to Marian Hossa for Fighting.
9:10 of 3rd period - Penalty to Mark Fraser for Fighting.
9:11 of 3rd period - Daymond Langkow wins face-off versus Kyle Turris in Avalanche zone.
9:51 of 3rd period - Off-side.
9:52 of 3rd period - Derek Stepan wins face-off versus Travis Zajac in neutral zone.
9:54 of 3rd period - Michael Del Zotto is hit by Nate Thompson and loses puck.
10:03 of 3rd period - Shot by Travis Zajac.
10:03 of 3rd period - Deflect By Nate Thompson.
10:03 of 3rd period - Shot Misses the Net.
10:20 of 3rd period - Icing by Derek Stepan.
10:21 of 3rd period - Petr Sykora wins face-off versus Joe Thornton in Avalanche zone.
10:21 of 3rd period - Petr Sykora is hit by Alexandre Burrows.
10:34 of 3rd period - Derek Stepan is hit by Paul Martin and loses puck.
11:32 of 3rd period - John Carlson is hit by Keith Yandle and loses puck.
12:36 of 3rd period - Icing by Daymond Langkow.
12:37 of 3rd period - Derek Stepan wins face-off versus Daymond Langkow in RedWings zone.
13:25 of 3rd period - Icing by Chris Summers.
13:26 of 3rd period - Travis Zajac wins face-off versus Marcus Johansson in RedWings zone.
13:43 of 3rd period - Pavel Kubina is hit by Marcus Johansson and loses puck.
14:34 of 3rd period - Icing by Pavel Kubina.
14:35 of 3rd period - Travis Zajac wins face-off versus Derek Stepan in RedWings zone.
14:39 of 3rd period - Jamie Langenbrunner is hit by Derek Stepan and loses puck.
15:04 of 3rd period - Shot by Derek Stepan.
15:04 of 3rd period - Stopped by Roberto Luongo without a rebound.
15:05 of 3rd period - Joe Thornton wins face-off versus Kyle Turris in RedWings zone.
15:18 of 3rd period - Shot by Joe Thornton.
15:18 of 3rd period - Stopped by Evgeni Nabokov without a rebound.
15:19 of 3rd period - Daymond Langkow wins face-off versus Marcus Johansson in Avalanche zone.
16:05 of 3rd period - Nicklas Lidstrom is hit by Paul Martin and loses puck.
16:25 of 3rd period - Nicklas Lidstrom is hit by Alexandre Burrows and loses puck.
16:40 of 3rd period - Icing by Michael Del Zotto.
16:41 of 3rd period - Joe Thornton wins face-off versus Derek Stepan in Avalanche zone.
16:41 of 3rd period - Joe Thornton is hit by Michael Del Zotto.
17:40 of 3rd period - Shot by Jeff Skinner.
17:40 of 3rd period - Goal by Jeff Skinner - RedWings : 1 - Avalanche : 1.
17:41 of 3rd period - Kyle Turris wins face-off versus Daymond Langkow in neutral zone.
17:51 of 3rd period - Sergei Kostitsyn is hit by John Carlson and loses puck.
17:55 of 3rd period - Sergei Kostitsyn is hit by John Carlson and loses puck.
18:42 of 3rd period - Shot by Nate Thompson.
18:42 of 3rd period - Shot Blocked by John Carlson.
18:43 of 3rd period - Minor Penalty to Brayden McNabb for Interference.
18:44 of 3rd period - Craig Adams wins face-off versus Joe Thornton in Avalanche zone.
18:44 of 3rd period - Craig Adams is hit by Joe Thornton.
18:55 of 3rd period - Icing by Joe Thornton.
18:56 of 3rd period - Marcus Johansson wins face-off versus Joe Thornton in RedWings zone.
18:56 of 3rd period - Nicklas Lidstrom is hit by Eric Brewer and loses puck.
19:03 of 3rd period - Shot by Brian Campbell.
19:03 of 3rd period - Stopped by Evgeni Nabokov without a rebound.
19:04 of 3rd period - Joe Thornton wins face-off versus Marcus Johansson in Avalanche zone.
19:10 of 3rd period - Joe Thornton is hit by Michael Del Zotto and loses puck.
19:22 of 3rd period - Joe Thornton is hit by Michael Del Zotto and loses puck.
19:25 of 3rd period - Shot by Keith Yandle.
19:25 of 3rd period - Stopped by Evgeni Nabokov with a rebound.
19:27 of 3rd period - Shot by Keith Yandle.
19:27 of 3rd period - Goal by Keith Yandle - RedWings : 2 - Avalanche : 1.
19:28 of 3rd period - Joe Thornton wins face-off versus Derek Stepan in neutral zone.
19:38 of 3rd period - Icing by Michael Del Zotto.
19:39 of 3rd period - Derek Stepan wins face-off versus Joe Thornton in Avalanche zone.
19:44 of 3rd period - Avalanche, Evgeni Nabokov is pulled from the net.


Output by the SimonT Hockey Simulator (STHS) for Stephane Roy -- Original Page W3C XHTML 1.0 Valid
Hockey Simulator - Hockey Simulation - Hockey Manager